SR
CAPITAL HILL INTERNS @ VALLEY VIEW COUGARS
08/21/2042
 
TOP OF THE 1ST
Capital Hill Interns batting - Pitching for Valley View Cougars : RHP Don Lucas
Pitching: RHP Don Lucas
Batting: LHB Armando García 0-0: Called Strike
0-1: Ball
1-1: Reached on error, E1 (Groundball, 13S, EV 66.2 MPH)
Batting: RHB Javier Cunchillos 0-0: Ball
1-0: Ball
2-0: Fly out, F7 (Flyball, 7D, EV 107.5 MPH)
Batting: RHB Valerio Salviati 0-0: Ball
1-0: Foul Ball, location: 2F
1-1: Swinging Strike
1-2: Ball
2-2: Fly out, F5 (Popup, 5F, EV 71.2 MPH)
Batting: RHB Carlos Cardenas 0-0: Called Strike
0-1: Ground out 1-3 (Groundball, 13, EV 68.1 MPH)
Top of the 1st over - 0 runs, 0 hits, 1 error, 1 left on base; Capital Hill 0 - Valley View 0
BOTTOM OF THE 1ST
Valley View Cougars batting - Pitching for Capital Hill Interns : RHP Vladsislas Meierhold
Pitching: RHP Vladsislas Meierhold
Batting: LHB Vic Coates 0-0: Ball
1-0: Swinging Strike
1-1: Fly out, F7 (Line Drive, 7, EV 96.9 MPH)
Batting: RHB Pepe Melandri 0-0: Ball
1-0: Ball
2-0: Ball
3-0: Base on Balls
Batting: RHB Gabe Joicey 0-0: Ball
1-0: Swinging Strike
1-1: Foul Ball, location: 2F
1-2: SINGLE (Groundball, 34, EV 79.4 MPH) (infield hit)
Pepe Melandri to second
Batting: SHB Markus Anderson 0-0: SINGLE (Flyball, 7S, EV 93.8 MPH)
Pepe Melandri to third
Gabe Joicey to second
Batting: RHB Jay Harris 0-0: Called Strike
0-1: Called Strike
0-2: Ball
1-2: Strikes out swinging
Batting: RHB Shaun Kingsley 0-0: Ball
1-0: Called Strike
1-1: Ball
2-1: Swinging Strike
2-2: Strikes out looking
Bottom of the 1st over - 0 runs, 2 hits, 0 errors, 3 left on base; Capital Hill 0 - Valley View 0
TOP OF THE 2ND
Capital Hill Interns batting - Pitching for Valley View Cougars : RHP Don Lucas
Batting: RHB Calvin Myrick 0-0: Ball
1-0: Ground out 5-3 (Groundball, 56, EV 101.9 MPH)
Batting: RHB Jerry Ray 0-0: Ball
1-0: SINGLE (Line Drive, 78S, EV 96.2 MPH)
Batting: LHB Allen Edwards 0-0: Foul Ball, location: 2F
0-1: Fly out, F9 (Flyball, 9LS, EV 85.6 MPH)
Batting: RHB Javier García 0-0: Ball
1-0: Swinging Strike
1-1: Called Strike
1-2: Foul Ball, location: 2F
1-2: Foul Ball, location: 2F
1-2: Ball
2-2: Ball
3-2: Fly out, F9 (Flyball, 9LSF, EV 85.0 MPH)
Top of the 2nd over - 0 runs, 1 hit, 0 errors, 1 left on base; Capital Hill 0 - Valley View 0
BOTTOM OF THE 2ND
Valley View Cougars batting - Pitching for Capital Hill Interns : RHP Vladsislas Meierhold
Batting: RHB Mark Quick 0-0: Ball
1-0: Swinging Strike
1-1: Swinging Strike
1-2: Strikes out swinging
Batting: RHB Okalani Karri 0-0: SINGLE (Line Drive, 34D, EV 94.4 MPH)
Batting: RHB James Gill 0-0: Called Strike
0-1: Foul Ball, location: 2F
0-2: Ball
1-2: Strikes out swinging
Batting: LHB Vic Coates 0-0: DOUBLE (Line Drive, 9LS, EV 104.4 MPH)
Okalani Karri to third
Batting: RHB Pepe Melandri 0-0: Ball
1-0: Ball
2-0: Foul Ball, location: 2F
2-1: Ball
3-1: Foul Ball, location: 2F
3-2: Fly out, F8 (Line Drive, 8RD, EV 96.2 MPH)
Bottom of the 2nd over - 0 runs, 2 hits, 0 errors, 2 left on base; Capital Hill 0 - Valley View 0
TOP OF THE 3RD
Capital Hill Interns batting - Pitching for Valley View Cougars : RHP Don Lucas
Batting: RHB Burton Thomas 0-0: Ball
1-0: Swinging Strike
1-1: Ball
2-1: Foul Ball, location: 2F
2-2: Ground out 5-3 (Groundball, 56, EV 89.4 MPH)
Batting: LHB Armando García 0-0: Ball
1-0: Foul Ball, location: 2F
1-1: Called Strike
1-2: Ball
2-2: Fly out, F7 (Line Drive, 7D, EV 88.1 MPH)
Batting: RHB Javier Cunchillos 0-0: SINGLE (Line Drive, 6M, EV 98.8 MPH)
Batting: RHB Valerio Salviati 0-0: Ball
1-0: Ball
2-0: Called Strike
2-1: Swinging Strike
2-2: Strikes out swinging
Top of the 3rd over - 0 runs, 1 hit, 0 errors, 1 left on base; Capital Hill 0 - Valley View 0
BOTTOM OF THE 3RD
Valley View Cougars batting - Pitching for Capital Hill Interns : RHP Vladsislas Meierhold
Batting: RHB Gabe Joicey 0-0: Ball
1-0: Swinging Strike
1-1: Ball
2-1: SINGLE (Line Drive, 4MD, EV 106.2 MPH)
Batting: SHB Markus Anderson Pickoff Throw to First - Error! E1
Gabe Joicey to second
0-0: Ball
1-0: Ball
2-0: Ball
3-0: Called Strike
3-1: Called Strike
3-2: Strikes out swinging
Batting: RHB Jay Harris 0-0: Ball
1-0: Called Strike
1-1: Ball
2-1: Fly out, F9 (Line Drive, 9, EV 103.8 MPH)
Batting: RHB Shaun Kingsley 0-0: Ball
1-0: Ball
2-0: Called Strike
2-1: Ball
3-1: Foul Ball, location: 2F
3-2: Base on Balls
Batting: RHB Mark Quick 0-0: Fly out, F7 (Flyball, 78D, EV 86.2 MPH)
Bottom of the 3rd over - 0 runs, 1 hit, 1 error, 2 left on base; Capital Hill 0 - Valley View 0
TOP OF THE 4TH
Capital Hill Interns batting - Pitching for Valley View Cougars : RHP Don Lucas
Batting: RHB Carlos Cardenas 0-0: Foul Ball, location: 2F
0-1: Ground out 6-3 (Groundball, 6, EV 101.2 MPH)
Batting: RHB Calvin Myrick 0-0: Called Strike
0-1: Swinging Strike
0-2: Ball
1-2: Fly out, F8 (Flyball, 89D, EV 98.8 MPH)
Batting: RHB Jerry Ray 0-0: Swinging Strike
0-1: Called Strike
0-2: Foul Ball, location: 2F
0-2: Ball
1-2: Foul Ball, location: 2F
1-2: Strikes out looking
Top of the 4th over - 0 runs, 0 hits, 0 errors, 0 left on base; Capital Hill 0 - Valley View 0
BOTTOM OF THE 4TH
Valley View Cougars batting - Pitching for Capital Hill Interns : RHP Vladsislas Meierhold
Batting: RHB Okalani Karri 0-0: Ball
1-0: Swinging Strike
1-1: Foul Ball, location: 2F
1-2: Strikes out swinging
Batting: RHB James Gill 0-0: Called Strike
0-1: Called Strike
0-2: Ball
1-2: SINGLE (Groundball, 4D, EV 110.0 MPH)
Batting: LHB Vic Coates 0-0: Ball
1-0: Called Strike
1-1: Swinging Strike
1-2: Strikes out swinging
Batting: RHB Pepe Melandri 0-0: Called Strike
0-1: Foul Ball, location: 2F
0-2: Ball
1-2: Strikes out swinging
Bottom of the 4th over - 0 runs, 1 hit, 0 errors, 1 left on base; Capital Hill 0 - Valley View 0
TOP OF THE 5TH
Capital Hill Interns batting - Pitching for Valley View Cougars : RHP Don Lucas
Batting: LHB Allen Edwards 0-0: Called Strike
0-1: Called Strike
0-2: Ball
1-2: Foul Ball, location: 2F
1-2: Strikes out looking
Batting: RHB Javier García 0-0: Fly out, F9 (Flyball, 9LS, EV 97.5 MPH)
Batting: RHB Burton Thomas 0-0: Called Strike
0-1: Called Strike
0-2: Foul Ball, location: 2F
0-2: Ball
1-2: Ground out 5-3 (Groundball, 56S, EV 87.5 MPH)
Top of the 5th over - 0 runs, 0 hits, 0 errors, 0 left on base; Capital Hill 0 - Valley View 0
BOTTOM OF THE 5TH
Valley View Cougars batting - Pitching for Capital Hill Interns : RHP Vladsislas Meierhold
Batting: RHB Gabe Joicey 0-0: Called Strike
0-1: Ball
1-1: Swinging Strike
1-2: Strikes out swinging
Batting: SHB Markus Anderson 0-0: Called Strike
0-1: Ball
1-1: SINGLE (Flyball, 89M, EV 91.9 MPH)
Batting: RHB Jay Harris 0-0: Called Strike
Markus Anderson is caught stealing 2nd base 2-4
0-1: Foul Ball, location: 2F
0-2: Ball
1-2: Ball
2-2: Foul Ball, location: 2F
2-2: Fly out, F4 (Popup, 4, EV 50.0 MPH)
Bottom of the 5th over - 0 runs, 1 hit, 0 errors, 0 left on base; Capital Hill 0 - Valley View 0
TOP OF THE 6TH
Capital Hill Interns batting - Pitching for Valley View Cougars : RHP Don Lucas
Batting: LHB Armando García 0-0: Called Strike
0-1: Foul Ball, location: 2F
0-2: Strikes out looking
Batting: RHB Javier Cunchillos 0-0: Ball
1-0: Called Strike
1-1: Swinging Strike
1-2: Strikes out swinging
Batting: RHB Valerio Salviati 0-0: Called Strike
0-1: SINGLE (Flyball, 8RS, EV 97.5 MPH)
Batting: RHB Carlos Cardenas 0-0: Foul Ball, location: 2F
0-1: Ball
1-1: Ball
2-1: Swinging Strike
2-2: SINGLE (Groundball, 4D, EV 96.9 MPH)
Valerio Salviati to second
Runner from 2nd tries for 3rd, SAFE, throw by CF made to third
Batting: RHB Calvin Myrick 0-0: Ball
1-0: SINGLE (Flyball, 89M, EV 99.4 MPH)
Valerio Salviati scores
Carlos Cardenas to second
Runner from 2nd tries for 3rd, SAFE, throw by CF made to third
Calvin Myrick to second
Batting: RHB Jerry Ray 0-0: Fly out, F7 (Flyball, 78M, EV 90.6 MPH)
Top of the 6th over - 1 run, 3 hits, 0 errors, 2 left on base; Capital Hill 1 - Valley View 0
BOTTOM OF THE 6TH
Valley View Cougars batting - Pitching for Capital Hill Interns : RHP Vladsislas Meierhold
Batting: RHB Shaun Kingsley 0-0: Called Strike
0-1: Ball
1-1: Ball
2-1: Foul Ball, location: 2F
2-2: Strikes out swinging
Batting: RHB Mark Quick 0-0: Ball
1-0: Called Strike
1-1: Foul Ball, location: 2F
1-2: Foul Ball, location: 2F
1-2: Strikes out looking
Batting: RHB Okalani Karri 0-0: Fly out, F3 (Popup, 23F, EV 91.2 MPH)
Bottom of the 6th over - 0 runs, 0 hits, 0 errors, 0 left on base; Capital Hill 1 - Valley View 0
TOP OF THE 7TH
Capital Hill Interns batting - Pitching for Valley View Cougars : RHP Don Lucas
Batting: LHB Allen Edwards 0-0: Ball
1-0: Ball
2-0: Ball
3-0: Base on Balls
Batting: RHB Javier García 0-0: Ball
1-0: Sac Bunt to 3S - play at first, batter OUT! 3-4
Allen Edwards to second
Batting: RHB Burton Thomas 0-0: Called Strike
0-1: SINGLE (Line Drive, 89S, EV 86.9 MPH)
Allen Edwards to third
Batting: LHB Armando García 0-0: Called Strike
Burton Thomas steals 2nd base
0-1: Ball
1-1: Intentional Walk
Batting: RHB Javier Cunchillos 0-0: Ball
1-0: SINGLE (Line Drive, 8LS, EV 90.0 MPH)
Allen Edwards scores
Burton Thomas to third
Armando García to second
Runner from 3rd tries for Home, SAFE, no throw by CF
Batting: RHB Valerio Salviati 0-0: Ball
1-0: Ground out 6-3 (Groundball, 6S, EV 68.8 MPH)
Armando García to third
Javier Cunchillos to second
Batting: RHB Carlos Cardenas 0-0: Ball
Wild Pitch!
Armando García scores
Javier Cunchillos to third
1-0: Called Strike
1-1: Ball
2-1: Swinging Strike
2-2: Ball
3-2: Ground out 6-3 (Groundball, 6, EV 76.9 MPH)
Top of the 7th over - 3 runs, 2 hits, 0 errors, 1 left on base; Capital Hill 4 - Valley View 0
BOTTOM OF THE 7TH
Valley View Cougars batting - Pitching for Capital Hill Interns : RHP Vladsislas Meierhold
Pitching: LHP Juan Gutiérrez
Batting: RHB James Gill 0-0: Ball
1-0: Called Strike
1-1: Called Strike
1-2: Ball
2-2: Ball
3-2: Strikes out looking
Batting: LHB Vic Coates 0-0: SINGLE (Groundball, 6S, EV 71.9 MPH) (infield hit)
Batting: RHB Pepe Melandri 0-0: Called Strike
0-1: Ball
1-1: Ball
2-1: Foul Ball, location: 2F
2-2: Foul Ball, location: 2F
2-2: Ball
3-2: Foul Ball, location: 2F
3-2: Foul Ball, location: 2F
3-2: Strikes out swinging
Batting: RHB Gabe Joicey 0-0: Called Strike
0-1: Foul Ball, location: 2F
0-2: Ball
Vic Coates steals 2nd base (no throw)
1-2: Foul Ball, location: 2F
1-2: Foul Ball, location: 2F
1-2: Strikes out swinging
Bottom of the 7th over - 0 runs, 1 hit, 0 errors, 1 left on base; Capital Hill 4 - Valley View 0
TOP OF THE 8TH
Capital Hill Interns batting - Pitching for Valley View Cougars : RHP Don Lucas
Batting: RHB Calvin Myrick 0-0: SINGLE (Groundball, 34D, EV 101.9 MPH)
Pitching: RHP Tyrone Tolbert
Batting: RHB Jerry Ray 0-0: Ball
1-0: Ball
2-0: Ball
3-0: Called Strike
3-1: Foul Ball, location: 2F
3-2: SINGLE (Line Drive, 7S, EV 107.5 MPH)
Calvin Myrick to second
Batting: LHB Allen Edwards 0-0: Foul Ball, location: 2F
0-1: Foul Ball, location: 2F
0-2: Ball
1-2: Ball
2-2: Ball
3-2: Base on Balls
Calvin Myrick to third
Jerry Ray to second
Batting: RHB Javier García 0-0: Called Strike
0-1: Ball
1-1: Ball
2-1: Ball
3-1: Grounds into double play, 5-4-3 (Groundball, 56, EV 77.5 MPH)
Calvin Myrick scores
Jerry Ray to third
Batting: RHB Burton Thomas 0-0: Ball
1-0: Called Strike
1-1: Fly out, F9 (Flyball, 9, EV 93.8 MPH)
Top of the 8th over - 1 run, 2 hits, 0 errors, 1 left on base; Capital Hill 5 - Valley View 0
BOTTOM OF THE 8TH
Valley View Cougars batting - Pitching for Capital Hill Interns : LHP Juan Gutiérrez
Batting: SHB Markus Anderson 0-0: Called Strike
0-1: Ball
1-1: Ball
2-1: Ball
3-1: Foul Ball, location: 2F
3-2: SINGLE (Groundball, 56D, EV 98.1 MPH)
Batting: RHB Jay Harris 0-0: DOUBLE (Line Drive, 9LS, EV 93.8 MPH)
Markus Anderson to third
Batting: RHB Shaun Kingsley 0-0: Ball
1-0: Ground out 6-3 (Groundball, 56, EV 89.4 MPH)
Markus Anderson scores
Batting: RHB Mark Quick 0-0: Ball
1-0: Ball
2-0: Called Strike
2-1: Ball
3-1: Swinging Strike
3-2: Foul Ball, location: 2F
3-2: Fly out, F9 (Line Drive, 9, EV 89.4 MPH)
Batting: RHB Okalani Karri 0-0: Foul Ball, location: 2F
0-1: Ball
1-1: Foul Ball, location: 2F
1-2: Ball
2-2: Strikes out swinging
Bottom of the 8th over - 1 run, 2 hits, 0 errors, 1 left on base; Capital Hill 5 - Valley View 1
TOP OF THE 9TH
Capital Hill Interns batting - Pitching for Valley View Cougars : RHP Tyrone Tolbert
Batting: LHB Armando García 0-0: Called Strike
0-1: Swinging Strike
0-2: Strikes out swinging
Batting: RHB Javier Cunchillos 0-0: Called Strike
0-1: Ground out 4-3 (Groundball, 34, EV 100.0 MPH)
Batting: RHB Valerio Salviati 0-0: Swinging Strike
0-1: Ball
1-1: Foul Ball, location: 2F
1-2: Ball
2-2: Strikes out swinging
Top of the 9th over - 0 runs, 0 hits, 0 errors, 0 left on base; Capital Hill 5 - Valley View 1
BOTTOM OF THE 9TH
Valley View Cougars batting - Pitching for Capital Hill Interns : LHP Juan Gutiérrez
Pitching: LHP Tony Nelson
Batting: RHB James Gill 0-0: DOUBLE (Line Drive, 3D, EV 109.4 MPH)
Batting: LHB Vic Coates 0-0: SINGLE (Line Drive, 34, EV 103.8 MPH)
James Gill to third
Batting: RHB Pepe Melandri 0-0: Ball
1-0: Fly out, F6 (Popup, 6M, EV 71.9 MPH)
Batting: RHB Gabe Joicey 0-0: Ball
1-0: Called Strike
1-1: DOUBLE (Flyball, 89D, EV 91.9 MPH)
James Gill scores
Vic Coates to third
Batting: SHB Markus Anderson 0-0: Foul Ball, location: 2F
0-1: Ball
1-1: Swinging Strike
1-2: Fly out, F9 (Flyball, 89D, EV 92.5 MPH)
Runner from 3rd tags up, SCORES, no throw by RF
Batting: RHB Jay Harris 0-0: Foul Ball, location: 2F
0-1: Ball
1-1: Ball
2-1: Swinging Strike
2-2: Foul Ball, location: 2F
2-2: Strikes out swinging
Bottom of the 9th over - 2 runs, 3 hits, 0 errors, 1 left on base; Capital Hill 5 - Valley View 3
Friday, March 26th, 2021 - OOTP Baseball 20.8 Build 74